Map: Pillars of Gold LE

Players

Fabz - Winner!

  • Race: Zerg Zerg
  • League: Master
  • Spawn Location: 7:00

MarcoMan

  • Race: Protoss Protoss
  • League: Master
  • Spawn Location: 1:00

VOD

Have the link to the VOD?

Description

Time

  • Played on: Jan. 17, 2021, 10:43 p.m.
  • Length: 9:55
Show
View Real Time Build Order
Export as new Build Order

Fabz Zerg - Winner!

Build Orders: Hatch First 

Get SALT Encoding   

  12  0:00  Drone  
  13  0:12  Overlord  
  13  0:17  Drone  
  14  0:31  Drone  
  14  0:32  Drone  
  16  0:51  Hatchery  
  16  0:54  Drone  
  16  0:57  Drone  
  16  1:01  Drone  
  18  1:10  Extractor  
  17  1:17  Spawning Pool  
  16  1:20  Drone  
  16  1:24  Drone  
  18  1:28  Drone  
  19  1:38  Drone  
  20  1:50  Drone  
  21  2:03  Overlord  
  21  2:04  Zergling x2  
  21  2:05  Queen x2  
  26  2:12  Drone  
  26  2:13  Drone  
  28  2:23  Metabolic Boost  
  28  2:26  Drone x2  
  30  2:40  Hatchery  
  30  2:42  Zergling x2  
  30  2:45  Drone  
  30  2:51  Queen  
  31  2:54  Overlord  
  33  3:00  Drone x2  
  33  3:01  Drone  
  36  3:07  Overlord  
  36  3:13  Drone  
  36  3:16  Drone x4  
  41  3:21  Drone x2  
  41  3:26  Drone  
  44  3:31  Zergling x2  
  44  3:33  Zergling x4  
  47  3:35  Queen  
  49  3:42  Drone  
  49  3:44  Drone  
  51  3:50  Overlord  
  51  3:53  Queen  
  53  3:56  Drone x2  
  53  3:57  Drone x2  
  57  4:05  Extractor  
  57  4:06  Lair  
  57  4:09  Spore Crawler  
  55  4:10  Spore Crawler  
  55  4:12  Spore Crawler  
  53  4:18  Drone x4  
  53  4:19  Overlord  
  57  4:24  Drone  
  57  4:25  Evolution Chamber  
  57  4:28  Drone x3  
  59  4:38  Extractor, Drone x4  
  60  4:41  Drone x2  
  63  4:47  Extractor  
  63  4:49  Drone x4  
  66  4:57  Drone x2  
  66  4:58  Drone x2  
  70  5:00  Overlord  
  70  5:06  Overlord x2  
  70  5:14  Hydralisk Den, Baneling Nest  
  69  5:17  Overlord x2  
  69  5:18  Zerg Missile Weapons Level 1  
  68  5:25  Extractor  
  68  5:27  Extractor  
  66  5:30  Drone x4  
  66  5:31  Drone x5  
  75  5:37  Drone x3  
  78  5:45  Muscular Augments  
  78  5:56  Overlord, Drone  
  78  5:57  Overlord x3, Centrifical Hooks  
  79  6:06  Hydralisk x2  
  79  6:07  Hydralisk x5  
  93  6:15  Hydralisk  
  93  6:16  Hydralisk x3  
  101  6:25  Hydralisk x2  
  101  6:26  Hydralisk x2  
  109  6:35  Overlord  
  109  6:36  Overlord x2  
  109  6:37  Hydralisk x2  
  113  6:44  Hydralisk x2  
  113  6:45  Hydralisk x2  
  121  6:53  Zergling x12  
  127  7:03  Zergling x10  
  127  7:04  Zergling x4  
  127  7:06  Baneling x7  
  133  7:21  Hydralisk  
  133  7:22  Hydralisk x6  
  138  7:40  Hydralisk x6  
  138  7:55  Zergling x2  
  138  7:56  Zergling x16  
  136  8:02  Hydralisk  
  123  8:15  Hydralisk x3  
  124  8:23  Hydralisk x3  
  130  8:37  Spire  
  130  8:38  Hydralisk x3  
  135  8:44  Hatchery, Baneling x10  
  135  8:45  Baneling x7  
  134  8:49  Drone  
  134  8:50  Drone x11  
  143  9:06  Hatchery  
  134  9:23  Lurker Den  
  133  9:25  Infestation Pit  
  133  9:27  Drone  
  133  9:28  Drone x8  
  133  9:31  Extractor  
  140  9:36  Extractor  
Show
View Real Time Build Order
Export as new Build Order

MarcoMan Protoss 

Build Orders: 1 Gate Expand, Oracle Opening 

Get SALT Encoding   

  12  0:00  Probe  
  13  0:12  Probe  
  14  0:18  Pylon  
  14  0:25  Probe  
  15  0:37  Probe (Chrono Boost)  
  15  0:40  Gateway  
  16  0:49  Probe (Chrono Boost)  
  17  0:51  Assimilator  
  17  0:55  Probe (Chrono Boost)  
  18  1:03  Probe  
  19  1:15  Probe  
  20  1:28  Nexus  
  20  1:39  Cybernetics Core  
  20  1:44  Probe  
  21  1:51  Assimilator  
  21  1:56  Probe  
  21  1:59  Pylon  
  22  2:08  Probe  
  23  2:15  Adept (Chrono Boost)  
  23  2:17  Warp Gate  
  23  2:20  Probe  
  26  2:32  Probe  
  26  2:35  Adept (Chrono Boost)  
  27  2:40  Probe  
  30  2:44  Probe  
  30  2:47  Gateway  
  31  2:52  Probe  
  31  2:56  Probe  
  31  2:57  Adept  
  35  3:04  Probe  
  36  3:06  Stargate  
  36  3:08  Probe  
  37  3:17  Probe  
  38  3:21  Probe  
  39  3:29  Probe  
  39  3:33  Probe  
  41  3:41  Probe  
  42  3:44  Pylon  
  42  3:45  Probe  
  42  3:48  Oracle (Chrono Boost)  
  46  4:02  Probe x2  
  48  4:03  Pylon  
  48  4:12  Void Ray  
  48  4:14  Probe x2  
  50  4:18  Nexus  
  50  4:19  Pylon  
  54  4:26  Probe x2  
  54  4:27  Assimilator  
  56  4:31  Assimilator  
  56  4:38  Shield Battery, Probe (Chrono Boost)  
  56  4:39  Probe (Chrono Boost)  
  56  4:40  Forge  
  58  4:48  Protoss Air Weapons Level 1  
  58  4:50  Probe (Chrono Boost)  
  58  4:51  Probe (Chrono Boost)  
  60  4:53  Stargate  
  60  4:56  Probe x2 (Chrono Boost)  
  62  5:03  Void Ray  
  62  5:05  Probe x2  
  64  5:13  Twilight Council  
  68  5:17  Probe x2  
  68  5:21  Photon Cannon  
  70  5:29  Probe x2  
  70  5:31  Probe  
  73  5:37  Assimilator, Void Ray (Chrono Boost)  
  73  5:40  Void Ray (Chrono Boost)  
  73  5:41  Assimilator, Probe x2  
  75  5:43  Probe  
  75  5:46  Shield Battery  
  84  5:53  Probe  
  85  5:58  Pylon  
  85  6:00  Pylon  
  85  6:06  Pylon  
  85  6:09  Templar Archives  
  85  6:15  Void Ray  
  85  6:16  Probe x2  
  91  6:26  Probe  
  91  6:28  Probe x2  
  91  6:31  Psionic Storm  
  94  6:32  Gateway  
  94  6:33  Gateway  
  94  6:34  Photon Cannon  
  94  6:36  Photon Cannon  
  94  6:41  Shield Battery, Void Ray  
  98  6:49  Photon Cannon  
  98  6:50  Photon Cannon  
  98  6:54  Shield Battery, Probe  
  99  6:56  Pylon  
  99  7:02  High Templar x2  
  99  7:03  Photon Cannon  
  99  7:05  Photon Cannon  
  103  7:09  Photon Cannon  
  103  7:11  Pylon  
  103  7:25  Photon Cannon  
  103  7:27  Photon Cannon  
  103  7:29  Shield Battery  
  90  7:45  Zealot x3  
  82  8:00  Void Ray  
  82  8:01  Void Ray  
  85  8:17  Zealot x2  
  82  8:38  High Templar x2  
  86  8:51  Pylon  
  86  8:53  Pylon  
  86  8:55  Pylon  
  86  9:03  Pylon, Void Ray (Chrono Boost)  
  86  9:04  Void Ray (Chrono Boost)  
  82  9:14  Zealot  
  92  9:20  Forge  
  92  9:31  Pylon  
  92  9:34  Pylon  
  92  9:41  Zealot  
Tags
 
Add a new tag
Caveats
  • Supply blocks, unpowered buildings, or Contaminate may cause inaccurate times.
  • Supply counts are checked every 10 seconds.